 Dungeon Crawl Stone Soup version 0.30-b1-2-g02819fbbbe (webtiles) character file.

Game seed: 2948709696672924365

675705 grindst0ne the Conqueror (level 26, -6/198 (239) HPs)
             Began as a Minotaur Monk on May 14, 2023.
             Was the Champion of Ru.
             Mangled by a putrid mouth (18 damage)
             ... in the Vestibule of Hell on May 15, 2023.
             The game lasted 02:16:52 (59188 turns).

grindst0ne the Conqueror (Minotaur Monk)           Turns: 59188, Time: 02:16:52

HP:   -6/198 (239)  AC: 55    Str: 21    XL:     26
MP:   22/22         EV: 15    Int:  9    God:    Ru [******]
Gold: 3188          SH: 22    Dex: 14    Spells: 8/25 levels left

rFire   . . .        e - +9 broad axe (vamp)
rCold   + . .        K - +0 tower shield
rNeg    + . .        p - +13 crystal plate armour
rPois   +            J - +2 hat
rElec   +            d - +2 cloak
rCorr   +            C - +1 pair of gloves of Kikubaaqudgha's Envy {rN+}
SInv    .            Z - +2 pair of slick slippers {slick, slippery, EV+4}
Will    ++...        M - amulet of Syndicalism {Acrobat rElec rPois rCorr} Stlth
                     S - ring "Keas" {rF+ rCorr}
HPRegen 0.53/turn    F - ring of Guvesuakho {Ice +Blink Str+2 Dex-4 Slay+6}
MPRegen 0.18/turn

%: acrobat
@: lethally poisoned (-6 -> -22), slowed, studying 2 skills, heavily drained,
very slow
A: horns 2, dopey 1, frail 1, no stealth, inability to use devices,
inexperienced 1, retaliatory headbutt, strong-willed 1, inability to drink after
injury 1
}: 4/15 runes: barnacled, slimy, silver, gossamer
a: Renounce Religion, Draw Out Power, Power Leap, Apocalypse


You were in the Vestibule of Hell.
You worshipped Ru.
Ru was exalted by your worship.
You visited 13 branches of the dungeon, and saw 57 of its levels.
You visited the Abyss 2 times.
You visited 2 bazaars.
You also visited: Ossuary, Bailey and Desolation.

You collected 10278 gold pieces.
You spent 7090 gold pieces at shops.

Inventory:

Hand Weapons
 e - a +9 vampiric broad axe (weapon)
 f - a +9 broad axe of freezing
 I - a +4 broad axe of flaming
Missiles
 B - 13 throwing nets (quivered)
 D - 70 poisoned darts
 P - 26 curare-tipped darts
Armour
 d - a +2 cloak (worn)
 p - a +13 crystal plate armour (worn)
 C - the +1 pair of gloves of Kikubaaqudgha's Envy (worn) {rN+}
   (You bought it in a shop on level 11 of the Dungeon)

   rN:        It protects you from negative energy.
 G - a +1 pair of gloves of strength
 J - a +2 hat (worn)
 K - a +0 tower shield (worn)
 Z - the +2 pair of slick slippers (worn) {slick, slippery, EV+4}
   (You bought it in a shop on level 1 of the Depths)

   Slick:     Its wearer cannot be constricted, engulfed, netted or webbed.
   Slippery:  Its wearer slips away from damaging melee attacks, pulling the
   attacker onward.
   EV:        It affects your evasion (+4).
Jewellery
 i - a ring of see invisible
 l - the ring of Xosoiti {Will+ MP+9 Int-3 SInv}
   (You found it on level 5 of the Pits of Slime)

   [ring of see invisible]

   Int:       It affects your intelligence (-3).
   MP:        It affects your magic capacity (+9).
   SInv:      It lets you see invisible.
   Will:      It increases your willpower.
 m - a ring of positive energy
 q - the ring "Gesiz" {rF+ Int+6}
   (You found it on level 5 of the Pits of Slime)

   [ring of intelligence]

   Int:       It affects your intelligence (+6).
   rF:        It protects you from fire.
 F - the ring of Guvesuakho (right hand) {Ice +Blink Str+2 Dex-4 Slay+6}
   (You found it on level 11 of the Dungeon)

   [ring of ice]

   It enhances your ice magic.
   Str:       It affects your strength (+2).
   Dex:       It affects your dexterity (-4).
   Slay:      It affects your accuracy & damage with ranged weapons and melee
   (+6).
   rF:        It makes you vulnerable to fire.
   rC:        It protects you from cold.
   +Blink:    It lets you blink.
 M - the amulet of Syndicalism (around neck) {Acrobat rElec rPois rCorr}
   (You found it on level 4 of the Shoals)

   [amulet of the acrobat]

   It increases your evasion while moving and waiting.
   rElec:     It insulates you from electricity.
   rPois:     It protects you from poison.
   rCorr:     It protects you from acid and corrosion.
 O - the ring "Xaunaiwk" {Fly rElec Int+6 Dex+4}
   (You found it on level 2 of the Orcish Mines)

   [ring of intelligence]

   Int:       It affects your intelligence (+6).
   Dex:       It affects your dexterity (+4).
   rElec:     It insulates you from electricity.
   Fly:       It grants you flight.
 S - the ring "Keas" (left hand) {rF+ rCorr}
   (You bought it in a shop on level 2 of the Orcish Mines)

   [ring of resist corrosion]

   rF:        It protects you from fire.
   rCorr:     It protects you from acid and corrosion.
 T - a ring of flight
 U - the ring of the Barnacled Coconut {*Corrode Will+ SInv Stlth+}
   (You found it on level 5 of the Vaults)

   [ring of willpower]

   SInv:      It lets you see invisible.
   *Corrode:  It may corrode you when you take damage.
   Will:      It increases your willpower.
   Stlth:     It makes you more stealthy.
 W - a ring of protection from cold
 X - the ring "Foyjuot" {rElec rC+ rN+ Will+ Str-5}
   (You found it on level 5 of the Vaults)

   [ring of protection from cold]

   Str:       It affects your strength (-5).
   rC:        It protects you from cold.
   rElec:     It insulates you from electricity.
   rN:        It protects you from negative energy.
   Will:      It increases your willpower.
 Y - the ring "Yseteze" {Ice Contam Will+ MP+9}
   (You found it on level 3 of the Elven Halls)

   [ring of ice]

   It enhances your ice magic.
   rF:        It makes you vulnerable to fire.
   rC:        It protects you from cold.
   MP:        It affects your magic capacity (+9).
   Contam:    It causes magical contamination when unequipped.
   Will:      It increases your willpower.
Scrolls
 a - 13 scrolls of amnesia
 g - 13 scrolls of fear
 h - 29 scrolls of teleportation
 j - 12 scrolls of fog
 o - 8 scrolls of immolation
 s - 5 scrolls of magic mapping
 w - 14 scrolls of poison
 y - 8 scrolls of silence
 L - 3 scrolls of summoning
 Q - 2 scrolls of blinking
 V - 4 scrolls of brand weapon
Potions
 c - 8 potions of ambrosia
 k - 2 potions of berserk rage
 n - 4 potions of mutation
 r - 8 potions of heal wounds
 t - 8 potions of brilliance
 u - 7 potions of cancellation
 v - 36 potions of curing
 x - 14 potions of haste
 z - 7 potions of magic
 A - 3 potions of flight
 H - 3 potions of resistance
 N - 16 potions of might
 R - 9 potions of invisibility
Miscellaneous
 b - a phial of floods


   Skills:
 O Level 27 Fighting
 O Level 27 Axes
 + Level 23.6 Throwing
 O Level 27 Armour
 - Level 14.0 Dodging
 + Level 22.7 Shields


You had 8 spell levels left.
You knew the following spells:

 Your Spells              Type           Power      Damage    Failure   Level
a - Passwall              Tmut/Erth      0%         N/A       100%        2
b - Sublimation of Blood  Necr           0%         N/A       100%        2
c - Borgnjor's Vile Clut  Necr/Erth      0%         N/A       100%        5
d - Necromutation         Tmut/Necr      0%         N/A       100%        8

Your spell library contained the following spells:

 Spells                   Type           Power      Damage    Failure   Level
 Apportation              Tloc           0%         N/A       99%         1
 Beastly Appendage        Tmut           0%         N/A       99%         1
 Freeze                   Ice            0%         1d3       99%         1
 Kiss of Death            Conj/Necr      0%         2d5       99%         1
 Magic Dart               Conj           0%         1d3       99%         1
 Necrotise                Necr           0%         1d4       99%         1
 Shock                    Conj/Air       0%         1d3       99%         1
 Summon Small Mammal      Summ           0%         N/A       99%         1
 Blink                    Tloc           0%         N/A       100%        2
 Call Imp                 Summ           0%         N/A       100%        2
 Cigotuvi's Dreadful Rot  Necr/Pois/Air  0%         N/A       100%        2
 Ensorcelled Hibernation  Hex/Ice        0%         N/A       100%        2
 Lesser Beckoning         Tloc           0%         N/A       100%        2
 Momentum Strike          Conj/Tloc      0%         3d8       100%        2
 Scorch                   Fire           0%         2d5       100%        2
 Searing Ray              Conj           0%         2d4       100%        2
 Static Discharge         Conj/Air       0%         2-2/arc   100%        2
 Wereblood                Tmut           0%         N/A       100%        2
 Call Canine Familiar     Summ           0%         N/A       100%        3
 Confusing Touch          Hex            0%         N/A       100%        3
 Dazzling Flash           Conj/Hex       0%         N/A       100%        3
 Frozen Ramparts          Ice            0%         1d1       100%        3
 Gell's Gravitas          Tloc           0%         N/A       100%        3
 Hailstorm                Conj/Ice       0%         3d3       100%        3
 Ignite Poison            Fire/Tmut/Pois 0%         N/A       100%        3
 Ozocubu's Armour         Ice            0%         N/A       100%        3
 Portal Projectile        Hex/Tloc       0%         N/A       100%        3
 Spider Form              Tmut/Pois      0%         N/A       100%        3
 Stone Arrow              Conj/Erth      0%         3d7       100%        3
 Summon Guardian Golem    Hex/Summ       0%         N/A       100%        3
 Swiftness                Air            0%         N/A       100%        3
 Teleport Other           Tloc           0%         N/A       100%        3
 Vampiric Draining        Necr           0%         2d6       100%        3
 Volatile Blastmotes      Fire/Tloc      0%         2d10      100%        3
 Airstrike                Air            0%         2d(0-16)  100%        4
 Anguish                  Hex/Necr       0%         N/A       100%        4
 Animate Armour           Summ/Erth      0%         N/A       100%        4
 Cause Fear               Hex            0%         N/A       100%        4
 Dispel Undead            Necr           0%         3d6       100%        4
 Flame Wave               Conj/Fire      0%         2d4       100%        4
 Fulminant Prism          Conj/Hex       0%         3d5       100%        4
 Ice Form                 Ice/Tmut       0%         N/A       100%        4
 Iskenderun's Mystic Bla  Conj/Tloc      0%         2d3       100%        4
 Leda's Liquefaction      Hex/Erth       0%         N/A       100%        4
 Manifold Assault         Tloc           0%         N/A       100%        4
 Olgreb's Toxic Radiance  Pois           0%         N/A       100%        4
 Petrify                  Tmut/Erth      0%         N/A       100%        4
 Sticky Flame             Conj/Fire      0%         2d3       100%        4
 Summon Ice Beast         Ice/Summ       0%         N/A       100%        4
 Summon Lightning Spire   Summ/Air       0%         N/A       100%        4
 Agony                    Necr           0%         N/A       100%        5
 Alistair's Intoxication  Tmut/Pois      0%         N/A       100%        5
 Blade Hands              Tmut           0%         N/A       100%        5
 Freezing Cloud           Conj/Ice/Air   0%         6-21      100%        5
 Irradiate                Conj/Tmut      0%         3d11      100%        5
 Iskenderun's Battlesphe  Conj           0%         2d6       100%        5
 Lee's Rapid Deconstruct  Erth           0%         3d4*      100%        5
 Metabolic Englaciation   Hex/Ice        0%         N/A       100%        5
 Silence                  Hex/Air        0%         N/A       100%        5
 Summon Forest            Summ/Tloc      0%         N/A       100%        5
 Summon Mana Viper        Hex/Summ       0%         N/A       100%        5
 Dispersal                Tloc           0%         N/A       100%        6
 Eringya's Noxious Bog    Tmut/Pois      0%         N/A       100%        6
 Iron Shot                Conj/Erth      0%         9d1       100%        6
 Simulacrum               Ice/Necr       0%         N/A       100%        6
 Statue Form              Tmut/Erth      0%         N/A       100%        6
 Summon Cactus Giant      Summ           0%         N/A       100%        6
 Dragon Form              Tmut           0%         N/A       100%        7
 Enfeeble                 Hex            0%         N/A       100%        7
 Monstrous Menagerie      Summ           0%         N/A       100%        7
 Orb of Destruction       Conj           0%         9d5       100%        7
 Ozocubu's Refrigeration  Ice            0%         4d7       100%        7
 Spellforged Servitor     Conj/Summ      0%         N/A       100%        7
 Storm Form               Tmut/Air       0%         N/A       100%        7
 Borgnjor's Revivificati  Necr           0%         N/A       100%        8
 Disjunction              Tloc           0%         N/A       100%        8
 Ignition                 Fire           0%         3d3       100%        8
 Lehudib's Crystal Spear  Conj/Erth      0%         10d2      100%        8
 Maxwell's Capacitive Co  Air            0%         ∞         100%        8
 Death's Door             Necr           0%         N/A       100%        9
 Dragon's Call            Summ           0%         N/A       100%        9
 Polar Vortex             Ice            0%         N/A       100%        9
 Shatter                  Erth           0%         3d5*      100%        9


Dungeon Overview and Level Annotations

Branches:
Dungeon (15/15)            Temple (1/1) D:7            Lair (5/5) D:9
 Shoals (4/4) Lair:2       Spider (4/4) Lair:3        Slime (5/5) Lair:5
    Orc (2/2) D:11            Elf (3/3) Orc:2        Vaults (5/5) D:13
  Crypt (3/3) Vaults:3       Tomb (0/3) Crypt:3      Depths (4/4) D:15
   Hell (1/1)                 Tar (0/7) Hell            Zot (5/5) Depths:4
Ossuary (visited)          Bailey (visited)         Desolation (visited)
    Dis: Hell:1         Geh: Hell:1         Coc: Hell:1

Altars:
Ashenzari
Cheibriados
Dithmenos
Elyvilon
Fedhas
Gozag
Hepliaklqana
Kikubaaqudgha
Makhleb
Nemelex Xobeh
Okawaru
Qazlal
Ru
Sif Muna
Trog
Uskayaw
Vehumet
Wu Jian
Xom
Yredelemnul
Zin
The Shining One
Jiyva
Lugonu

Shops:
D:6 (   D:8 *   D:11 [   D:15 *?   Orc:1 **   Orc:2 ([=**   Elf:1 (:!:[:
Elf:2 [   Elf:3 :   Shoals:4 [   Vaults:2 :(=[   Vaults:3 *   Vaults:5 [
Depths:1 [*[=   Depths:2 [   Depths:4 [

Portals:
Hell: Depths:1 Depths:2 Depths:3 Depths:4
Abyss: Depths:2 Depths:3
Pandemonium: Depths:2 Depths:3
Ziggurat: Depths:4

Annotations:
D:4 1 runed translucent door
Hell Geryon


Innate Abilities, Weirdness & Mutations

You have a pair of horns on your head.
You are dopey. (Int -2)
You are frail. (-10% HP)
You cannot be stealthy.
You cannot study or use magical devices.
You are somewhat inexperienced. (-1 XL)
You reflexively headbutt those who attack you in melee.
You are strong-willed. (Will+)
You occasionally lose the ability to drink potions when taking damage.


Message History

You slice the putrid mouth!! You headbutt the putrid mouth!
The putrid mouth is heavily damaged.
You are engulfed in dark miasma.
* * * LOW HITPOINT WARNING * * *
The putrid mouth bites you but does no damage.
You block the putrid mouth's attack.
The putrid mouth bites you but does no damage.
The putrid mouth claws you but does no damage.
You closely miss the putrid mouth.
The putrid mouth is heavily damaged.
You are engulfed in dark miasma.
You are poisoned.
* * * LOW HITPOINT WARNING * * *
You feel very sick.
The putrid mouth bites you but does no damage.
The putrid mouth closely misses you.
You closely miss the putrid mouth. Your headbutt misses the putrid mouth.
The putrid mouth is heavily damaged.
You feel very sick. You block the putrid mouth's attack.
The putrid mouth completely misses you.
You closely miss the putrid mouth. You headbutt the putrid mouth.
The putrid mouth is heavily damaged.
You feel very sick. The putrid mouth throws miasma at you.
The foul vapour engulfs you but does no damage.
You slash the putrid mouth!
The putrid mouth is severely damaged.
You are engulfed in dark miasma.
* * * LOW HITPOINT WARNING * * *
You feel sick.
Something roars, "Embrace thy doom, thou feckless beetle-headed walking sirloin!"
You block the putrid mouth's attack.
The putrid mouth claws you but does no damage.
You feel much better.
You are engulfed in dark miasma.
You are more poisoned.
* * * LOW HITPOINT WARNING * * *
x2 You feel extremely sick.
The putrid mouth bites you but does no damage.
You block the putrid mouth's attack. The putrid mouth bites you!!
You die...

####### ##.#.#.##
#.......#
##.....###..
#...∩°&.'...
##....W##
#.....°@#
#.....°°°°#
.........°..°...
.................
#################


You could see Geryon and a putrid mouth.

Vanquished Creatures
  the Royal Jelly (Slime:5)
  2 orbs of fire (Zot:5)
  3 dread liches
  3 ancient liches
  Frederick (Depths:4)
  9 Killer Klowns (Zot:5)
  5 curse toes
  A caustic shrike (Depths:3)
  The ghost of Janeylunn the Victor of a Thousand Battles, a veteran GnWn of Okawaru (Depths:3)
  16 golden dragons
  The ghost of Flugkiller the Rich, a veteran DjWr of Gozag (Zot:3)
  2 bone dragons (Crypt:2)
  A doom hound (Crypt:2)
  Jory (Vaults:5)
  A Tzitzimitl (Crypt:2)
  6 electric golems
  A walking crystal tome (Depths:3)
  Rupert (Orc:2)
  25 Orb Guardians
  18 tentacled monstrosities
  The ghost of Dirian the Warrior, an adept MiBr of Okawaru (D:13)
  6 liches
  A tainted leviathan (Hell)
  A titan (Vaults:5)
  Jorgrun (D:13)
  3 deep elf blademasters
  2 walking divine tomes
  A deep elf master archer (Elf:3)
  8 death cobs
  12 quicksilver dragons
  3 ancient champions (Crypt:3)
  13 acid blobs
  Frances (Spider:2)
  3 tentacled starspawn (Abyss:2)
  The ghost of Qymiext the Tortoise, an adept MiFi of Qazlal (Depths:3)
  5 sphinxes
  13 shadow dragons
  7 tengu reavers
  9 storm dragons
  A fire giant (shapeshifter) (D:14)
  6 draconian monks
  8 frost giants
  4 emperor scorpions
  15 rockslimes
  11 deep elf sorcerers
  10 fire giants
  11 vault wardens
  Ilsuiw (Shoals:4)
  A revenant (Crypt:3)
  2 iron dragons
  5 azure jellies
  The ghost of Akransas the Spry, an adept KoFE of Ashenzari (Spider:3)
  8 draconian knights
  9 draconian scorchers
  3 caustic shrike zombies
  Louise (Elf:2)
  7 curse skulls
  5 ghost moths
  4 imperial myrmidons (Desolation)
  4 draconian shifters
  3 deep elf elementalists (Elf:3)
  3 orc warlords
  A cacodemon (Depths:1)
  3 draconian stormcallers
  31 very ugly things
  3 angels
  5 draconian annihilators
  5 ghouls
  6 broodmothers
  4 reapers
  11 stone giants
  A spriggan defender (Depths:3)
  11 quicksilver oozes
  13 ironbound preservers
  7 war gargoyles
  A broodmother (shapeshifter) (Depths:4)
  7 ironbound thunderhulks
  Nessos (Orc:2)
  19 vampire knights
  6 black draconians
  9 green draconians
  4 putrid mouths
  5 deep elf demonologists (Elf:3)
  2 spectral hellephants (Crypt:2)
  8 dire elephants (Vaults:1)
  11 purple draconians
  7 red draconians
  10 spark wasps
  A lorocyproca (Depths:2)
  The ghost of Suckerboh the Devastator, a journeyman DECj of Vehumet (Orc:2)
  2 minotaurs (D:12)
  11 white draconians
  14 yellow draconians
  10 deep elf annihilators
  4 crystal guardians
  3 iron golems (Hell)
  A green death (Depths:1)
  11 ettins
  7 fire dragons
  6 eidola
  2 spectral elves (Crypt:2)
  6 merfolk javelineers
  6 deep elf death magi
  A merfolk impaler (Shoals:4)
  An ettin (shapeshifter) (Vaults:5)
  11 jiangshi
  The ghost of Dirian the Cleaver, a journeyman MiBe of Trog (D:14)
  9 deep elf high priests
  8 ice dragons
  29 vault guards
  10 yaktaur captains
  8 ragged hierophants (Desolation)
  3 spriggan zombies (Crypt:3)
  10 peacekeepers
  4 entropy weavers
  2 fenstrider witch zombies
  7 servants of whispers (Desolation)
  Harold (D:10)
  2 spriggan air magi (Depths:2)
  2 jorogumos
  6 rakshasas
  9 great orbs of eyes
  4 radroaches
  An Orb Guardian zombie (Crypt:2)
  3 alligator snapping turtles
  3 ogre magi
  4 hell beasts
  A hydra (Lair:4)
  7 ironbound frosthearts
  5 boulder beetles
  3 merfolk avatars
  8 centaur warriors
  31 dancing weapons
  8 merfolk aquamancers (Shoals:4)
  6 death knights
  3 death scarabs
  2 satyrs (Shoals:4)
  13 vampire magi
  12 deep troll shamans
  7 thrashing horrors
  8 deep troll earth magi
  3 tengu warriors
  Erica (Orc:1)
  6 spriggan berserkers
  Urug (D:13)
  5 two-headed ogres
  Nergalle (Orc:2)
  14 death yaks
  8 hell hogs
  2 orc high priests
  15 deep elf knights
  15 hell knights
  A titan skeleton (Hell)
  6 iron trolls
  6 soul eaters
  8 pharaoh ants
  Amaemon (D:10)
  A shadow wraith (Crypt:3)
  2 storm dragon zombies (Crypt:3)
  6 sun demons
  The ghost of Thantalas the Trooper, a novice DsGl of Okawaru (D:8)
  38 skeletal warriors
  A spectral ghost moth (Spider:3)
  An anaconda zombie (Crypt:1)
  A fire crab (shapeshifter) (Elf:2)
  9 sea snakes
  3 cherubim (Depths:2)
  2 sixfirhies
  A sun moth (Spider:3)
  4 skysharks
  2 spectral spark wasps (Spider:3)
  Lodul (D:11)
  8 flayed ghosts
  54 deep trolls
  2 golden dragon zombies (Crypt:3)
  An orb spider (shapeshifter) (Vaults:5)
  A glowing orange brain (Depths:3)
  An obsidian statue (D:14)
  A bunyip zombie (Hell)
  33 ironbound convokers
  11 deep elf archers
  2 bog bodies (Crypt:2)
  10 harpies
  11 necromancers
  7 wizards
  13 orb spiders
  13 orc knights
  5 steelbarb worms
  A spectral jorogumo (Spider:3)
  22 deep elf pyromancers
  17 lindwurms
  An iron dragon zombie (Depths:3)
  A sphinx zombie (Crypt:2)
  20 wolf spiders
  2 golden dragon skeletons
  A wolf spider zombie (Crypt:3)
  16 phantasmal warriors
  29 deep elf zephyrmancers
  A tengu skeleton (Vaults:1)
  2 stone giant zombies
  11 fauns
  A shining eye (shapeshifter) (Vaults:5)
  13 manticores
  6 shining eyes
  2 orc sorcerers
  14 elephants
  A shadow dragon skeleton (Depths:3)
  2 spectral radroaches (Spider:3)
  A manticore (shapeshifter) (Vaults:5)
  39 ugly things
  3 oklob plants (Lair:5)
  9 cyclopes
  A jorogumo skeleton (Crypt:1)
  2 guardian serpents (Desolation)
  18 vault sentinels
  6 water nymphs
  29 moths of wrath
  3 black mambas
  2 dire elephant zombies
  2 stone giant skeletons (Hell)
  7 merfolk sirens
  An apocalypse crab (Abyss:2)
  An eye of devastation (Slime:5)
  5 rust devils
  A frost giant skeleton (Depths:3)
  Maurice (D:9)
  A guardian serpent (shapeshifter) (Elf:3)
  12 cane toads
  5 molten gargoyles
  2 gargoyles (D:13)
  A hellion (Depths:1)
  8 demonic crawlers
  2 orange demons
  A torpor snail (shapeshifter) (Depths:4)
  5 torpor snails
  An alligator snapping turtle zombie (Crypt:1)
  8 smoke demons
  6 rime drakes
  2 efreet
  A sea snake zombie (Crypt:1)
  4 tengu conjurers
  A tormentor (Crypt:2)
  A rime drake (shapeshifter) (D:8)
  8 komodo dragons
  3 unseen horrors
  13 yaktaurs
  A golden dragon simulacrum (Depths:2)
  8 ice devils
  8 freezing wraiths
  A hydra zombie (Crypt:3)
  4 guardian mummies (Crypt:3)
  2 yaktaur skeletons
  2 ancient zymes
  A red devil (Depths:2)
  A ghost moth simulacrum (Spider:3)
  2 meliai (shapeshifter)
  3 harpy zombies (Crypt:3)
  11 starcursed masses (Abyss:2)
  14 hornets
  A jorogumo simulacrum (Spider:3)
  8 meliai
  2 polar bears (D:14)
  26 tarantellas
  23 merfolk
  A tarantella (shapeshifter) (D:8)
  5 trolls
  8 wind drakes
  2 harpy skeletons
  3 broodmother simulacra (Spider:3)
  A sphinx simulacrum (Vaults:1)
  65 saltlings (Desolation)
  14 dream sheep
  An ettin zombie (Depths:1)
  23 blink frogs
  A fire giant simulacrum (Depths:3)
  2 raiju
  An iron dragon simulacrum (Hell)
  A frost giant simulacrum (Depths:2)
  6 snapping turtles
  39 slime creatures
  2 centaur simulacra
  30 jumping spiders
  12 large abominations
  7 spriggans
  3 shadows
  18 culicivoras
  5 flying skulls (Crypt:3)
  2 ynoxinuls
  An air elemental (Elf:1)
  12 wraiths
  4 wyverns
  An ettin skeleton (Depths:1)
  Eustachio (D:4)
  19 water elementals
  18 vampires
  37 yaks
  A fire bat (shapeshifter) (D:11)
  2 hogs (shapeshifter)
  46 redbacks
  A steam dragon (D:8)
  Grum (D:10)
  5 fire elementals
  8 golden eyes
  5 basilisks
  4 wargs
  11 vampire mosquitoes
  The ghost of diceflayer the Shooter, an amateur DsHu (D:4)
  10 neqoxecs
  2 acid dragons
  A harpy simulacrum (Crypt:2)
  18 water moccasins
  2 naga zombies
  A floating eye (Depths:1)
  14 hell hounds
  40 orc warriors
  A naga skeleton (Crypt:2)
  10 ice beasts
  4 sky beasts
  A black mamba simulacrum (Abyss:2)
  11 ogres
  A manticore zombie (Crypt:3)
  3 boggarts (Vaults:1)
  37 wolves
  6 centaurs
  A manticore skeleton (Crypt:3)
  11 bullfrogs
  2 kobold brigands
  10 small abominations
  2 elf zombies (Ossuary)
  2 scorpions
  A glowing shapeshifter simulacrum (Vaults:1)
  3 earth elementals
  2 tengu simulacra
  3 necrophages
  A cyclops skeleton (Crypt:2)
  7 wights
  19 killer bees
  7 electric eels
  A wolf zombie (Crypt:3)
  A howler monkey (D:13)
  A wolf skeleton (Crypt:2)
  6 lava snakes (Lair:3)
  2 human zombies (Ossuary)
  2 centaur zombies
  A hound (D:4)
  4 quasits
  3 jellies
  15 orc priests
  A gnoll bouda (D:7)
  2 iron imps (Abyss:2)
  6 hell rats (Lair:3)
  Ijyb (D:4)
  2 iguanas (D:5)
  22 orc wizards
  A killer bee zombie (Crypt:2)
  2 mummies (Ossuary)
  5 adders
  24 gnolls
  A river rat (D:4)
  A shadow imp (D:6)
  7 white imps
  6 ufetubi
  2 adder zombies
  A jelly zombie (Crypt:1)
  An iguana skeleton (Crypt:1)
  2 worms
  4 dart slugs
  77 orcs
  7 ball pythons
  6 bats
  6 endoplasms
  5 giant cockroaches
  30 goblins
  16 hobgoblins
  5 jackals
  5 quokkas
  An endoplasm zombie (Crypt:1)
  2 frilled lizards
  A frilled lizard zombie (Crypt:1)
  2 goblin zombies
  A hobgoblin skeleton (Crypt:2)
  11 hobgoblin zombies
  A jackal zombie (Ossuary)
  22 kobolds
  12 kobold zombies (Ossuary)
  4 orc zombies (Ossuary)
  A quokka skeleton (Crypt:3)
  4 rats
  2 rat zombies (Ossuary)
  A fire vortex (Lair:3)
  4 starspawn tentacles (Abyss:2)
2694 creatures vanquished.

Vanquished Creatures (others)
  An ancient lich (Depths:2)
  2 Killer Klowns (Zot:5)
  Margery (Vaults:4)
  A caustic shrike (Depths:3)
  A quicksilver dragon (Zot:4)
  An acid blob (Slime:5)
  3 death cobs
  2 shadow dragons
  A fire giant (Depths:1)
  An emperor scorpion (Spider:4)
  A draconian knight (Zot:1)
  2 vault wardens
  A draconian scorcher (Zot:1)
  An orc warlord (Orc:2)
  A very ugly thing (Depths:4)
  2 draconian stormcallers
  A black draconian (Zot:1)
  A vampire knight (Depths:1)
  2 purple draconians
  A white draconian (Zot:1)
  A green draconian (Zot:5)
  3 yellow draconians
  A jiangshi (Crypt:3)
  An ettin (Depths:2)
  2 deep elf high priests (Elf:3)
  A vault guard (Vaults:5)
  A hydra (D:14)
  A peacekeeper (Desolation)
  2 dancing weapons
  A hell hog (Hell)
  A thrashing horror (Abyss:2)
  A vampire mage (Crypt:1)
  A deep elf knight (Elf:2)
  A sun demon (Depths:1)
  3 deep trolls
  A glowing orange brain (Depths:1)
  A steelbarb worm (Spider:3)
  2 harpies (Shoals:4)
  2 manticores
  An ugly thing (D:11)
  2 deep elf zephyrmancers
  A necromancer (Vaults:5)
  A faun (shapeshifter) (Vaults:5)
  2 moths of wrath
  2 cyclopes
  A molten gargoyle (Hell)
  A vault sentinel (Vaults:2)
  A smoke demon (Hell)
  A yaktaur (D:12)
  A meliai (Spider:2)
  2 merfolk
  A polar bear (D:14)
  2 tarantellas
  2 dream sheep
  2 slime creatures
  A spriggan (Depths:4)
  A wyvern (Lair:5)
  A culicivora (Spider:1)
  A yak (Lair:5)
  A vampire (Crypt:3)
  2 redbacks (Spider:4)
  A water moccasin (Lair:5)
  2 wolves
  A human zombie (Vaults:1)
  A centaur (Lair:2)
  An earth elemental (Elf:1)
  A bush (D:6)
  24 fungi
  79 plants
  5 starspawn tentacles (Abyss:2)
199 creatures vanquished.

Grand Total: 2893 creatures vanquished

Notes
Turn   | Place    | Note
-------+----------+-------------------------------------------
     0 | D:1      | grindst0ne the Minotaur Monk began the quest for the Orb.
     0 | D:1      | Reached XP level 1. HP: 19/19 MP: 0/0
    73 | D:1      | Reached XP level 2. HP: 27/27 MP: 1/1
   571 | D:1      | Reached XP level 3. HP: 33/34 MP: 2/2
  1227 | D:2      | Found a faded altar of an unknown god.
  1546 | D:2      | Reached XP level 4. HP: 41/41 MP: 3/3
  1740 | D:3      | Found a blossoming altar of Fedhas.
  1804 | D:3      | Reached skill level 5 in Fighting
  1804 | D:3      | Reached skill level 5 in Axes
  2359 | D:4      | Noticed Eustachio
  2380 | D:4      | Gained mutation: You are dopey. (Int -2) [potion of
                  | mutation]
  2380 | D:4      | Gained mutation: You are agile. (Dex +4, Str/Int -1)
                  | [potion of mutation]
  2380 | D:4      | Gained mutation: Your spells are a little easier to cast,
                  | but a little less powerful. [potion of mutation]
  2390 | D:4      | Killed Eustachio
  2391 | D:4      | Reached XP level 5. HP: 37/50 MP: 4/4
  2467 | D:4      | Found a runed translucent door.
  2472 | D:4      | Noticed diceflayer's ghost (amateur DsHu)
  2490 | D:4      | Reached XP level 6. HP: 56/57 MP: 5/5
  2674 | D:4      | Found a runed translucent door.
  3031 | D:4      | Noticed Ijyb
  3041 | D:4      | Killed Ijyb
  3349 | D:5      | Entered Level 5 of the Dungeon
  3520 | D:5      | Found a sand-covered staircase.
  3528 | Ossuary  | Entered an ossuary
  3683 | Ossuary  | Reached XP level 7. HP: 56/64 MP: 6/6
  4072 | D:5      | Reached skill level 5 in Armour
  4271 | D:5      | You fall into a shaft and drop 2 floors!
  4340 | D:7      | Found a staircase to the Ecumenical Temple.
  4350 | Temple   | Entered the Ecumenical Temple
  4554 | D:7      | Reached XP level 8. HP: 58/74 MP: 7/7
  4692 | D:7      | Found a flagged portal.
  4701 | Bailey   | Entered a bailey
  4818 | Bailey   | Noticed an orc knight
  4835 | Bailey   | Killed an orc knight
  4899 | Bailey   | Reached XP level 9. HP: 84/84 MP: 8/8
  5066 | Bailey   | Noticed an orc warlord
  5116 | Bailey   | Killed an orc warlord
  5117 | Bailey   | Reached skill level 10 in Fighting
  5117 | Bailey   | Reached skill level 10 in Axes
  5261 | Bailey   | Acquired 787 gold pieces
  5481 | D:7      | Reached XP level 10. HP: 94/94 MP: 9/9
  5797 | D:6      | Reached skill level 5 in Evocations
  5841 | D:6      | Found a sacrificial altar of Ru.
  5841 | D:6      | Found a stormy altar of Qazlal.
  5842 | D:6      | Found a radiant altar of Vehumet.
  5955 | D:6      | Found Yxzakeg's Weapon Shoppe.
  5988 | D:6      | Reached skill level 1 in Shields
  6019 | D:6      | Paralysed by a hornet for 2 turns
  7355 | D:4      | Killed diceflayer's ghost
  8051 | D:8      | Found Zin's Purification Station.
  8051 | D:8      | Found a glowing silver altar of Zin.
  8116 | D:8      | Found a runed translucent gate.
  8117 | D:8      | Found a runed translucent gate.
  8118 | D:8      | Found a runed translucent gate.
  8119 | D:8      | Noticed a brown ugly thing
  8119 | D:8      | Noticed a purple ugly thing
  8120 | D:8      | Noticed a green ugly thing
  8120 | D:8      | Noticed a green ugly thing
  8120 | D:8      | Noticed a brown ugly thing
  8121 | D:8      | Noticed a red ugly thing
  8340 | D:9      | Noticed Maurice
  8341 | D:9      | Paralysed by Maurice for 2 turns
  8351 | D:9      | Killed Maurice
  8452 | D:9      | Found an ancient bone altar of Kikubaaqudgha.
  8478 | D:9      | Reached XP level 11. HP: 104/104 MP: 10/10
  8567 | D:9      | Found a staircase to the Lair.
  8651 | D:9      | Found a burning altar of Makhleb.
  8904 | D:6      | Became a worshipper of Ru the Awakened
  9006 | D:6      | Gained mutation: You are somewhat inexperienced. (-1 XL)
                  | [Ru sacrifice]
  9006 | D:6      | Reached XP level 10. HP: 97/97 MP: 9/9
  9006 | D:6      | Reached * piety under Ru
  9081 | Lair:1   | Entered Level 1 of the Lair of Beasts
  9416 | Lair:1   | Reached skill level 5 in Shields
 10225 | Lair:2   | Reached skill level 10 in Armour
 10630 | Lair:2   | Identified the +5 whip "Jugotal" {venom, SInv}
 10701 | Lair:2   | Found a staircase to the Shoals.
 10889 | Lair:3   | Reached XP level 11. HP: 107/107 MP: 10/10
 11059 | Lair:3   | Found a hole to the Spider Nest.
 11063 | Lair:3   | Gained mutation: You are frail. (-10% HP) [Ru sacrifice]
 11063 | Lair:3   | Reached ** piety under Ru
 11063 | Lair:3   | Reached *** piety under Ru
 12426 | Lair:4   | Reached XP level 12. HP: 106/106 MP: 11/11
 12574 | Lair:4   | Reached skill level 10 in Shields
 12758 | D:10     | Entered Level 10 of the Dungeon
 12758 | D:10     | Noticed Grum
 12775 | D:10     | Killed Grum
 12898 | D:8      | Reached skill level 15 in Fighting
 12898 | D:8      | Reached skill level 15 in Axes
 12902 | D:8      | Found a runed translucent gate.
 12902 | D:8      | Found a runed translucent gate.
 12908 | D:8      | Noticed Thantalas's ghost (novice DsGl)
 12909 | D:8      | Found a runed translucent gate.
 12929 | D:8      | Killed Thantalas's ghost
 12951 | D:8      | Gained mutation: Your magical capacity is low. (-10% MP)
                  | [mutagenic glow]
 13706 | Lair:4   | Gained mutation: You cannot study or use magical devices.
                  | [Ru sacrifice]
 13706 | Lair:4   | Reached **** piety under Ru
 13706 | Lair:4   | Reached ***** piety under Ru
 14009 | Lair:5   | Entered Level 5 of the Lair of Beasts
 14379 | Lair:5   | Found a radiant altar of Vehumet.
 14512 | Lair:5   | Reached XP level 13. HP: 116/116 MP: 10/10
 14623 | Lair:5   | Paralysed by a hornet for 2 turns
 14773 | Lair:5   | Found the +8 trident of the Octopus King {venom, rElec
                  | rPois}
 14809 | Lair:5   | Identified the +3 scale mail "Launn" {rC+}
 15205 | Lair:5   | Found a viscous altar of Jiyva.
 15206 | Lair:5   | Found a staircase to the Slime Pits.
 15754 | D:10     | Noticed Harold
 15767 | D:10     | Killed Harold
 15815 | D:10     | Found a snail-covered altar of Cheibriados.
 15872 | D:10     | Identified the +4 ring mail of Entitlement {rElec}
 15943 | D:10     | Gained mutation: You cannot be stealthy. [Ru sacrifice]
 15961 | D:10     | Found a white marble altar of Elyvilon.
 16121 | D:10     | Noticed Amaemon
 16133 | D:10     | Killed Amaemon
 16663 | D:11     | Found a staircase to the Orcish Mines.
 16705 | D:11     | Reached skill level 5 in Dodging
 16705 | D:11     | Reached XP level 14. HP: 126/126 MP: 11/11
 16706 | D:11     | Reached XP level 15. HP: 132/132 MP: 12/12
 16792 | D:11     | Found a transporter.
 16796 | D:11     | Found Cotuni's Antique Armour Shop.
 16832 | D:11     | Found a transporter.
 16837 | D:11     | Bought a pitted chain mail for 294 gold pieces
 16837 | D:11     | Identified the +1 chain mail "Liseg" {rN+ Int+3} (You
                  | bought it in a shop on level 11 of the Dungeon)
 16837 | D:11     | Bought a pair of ichor-stained gloves for 294 gold pieces
 16837 | D:11     | Identified the +1 pair of gloves of Kikubaaqudgha's Envy
                  | {rN+} (You bought it in a shop on level 11 of the Dungeon)
 16886 | D:11     | Found a broken altar of Ashenzari.
 16921 | D:11     | Noticed Lodul
 16937 | D:11     | Killed Lodul
 16952 | D:11     | Found a transporter.
 16952 | D:11     | Found a corrupted altar of Lugonu.
 17062 | D:11     | Found a transporter.
 17184 | D:11     | Mutation became permanent: You are dopey. (Int -2) [Ru
                  | sacrifice]
 17184 | D:11     | Gained mutation: You are dopey. (Int -2) [Ru sacrifice]
 17184 | D:11     | Reached ****** piety under Ru
 17312 | D:11     | Identified the ring of Guvesuakho {Ice +Blink Str+2 Dex-4
                  | Slay+6}
 18259 | D:12     | Identified the +5 great mace "Pendulum" {chaos, rC+ Str+3}
 18441 | D:12     | Identified the +11 spear of Paogaegg {holy, Contam Fly
                  | Will++ Int+3}
 19028 | D:13     | Found a gate to the Vaults.
 19157 | D:13     | Noticed Dirian's ghost (adept MiBr)
 19170 | D:13     | Found a runed translucent door.
 19275 | D:13     | Killed Dirian's ghost
 19287 | D:13     | Got the Tome of Excavation
 19482 | D:13     | Reached skill level 15 in Shields
 19591 | D:13     | Reached XP level 16. HP: 92/143 MP: 13/13
 19996 | D:13     | Noticed Urug
 20005 | D:13     | Killed Urug
 20069 | D:13     | Noticed Jorgrun
 20079 | D:13     | Killed Jorgrun
 20366 | D:14     | Found a shadowy altar of Dithmenos.
 20787 | D:14     | Found a runed translucent gate.
 20787 | D:14     | Found a runed translucent gate.
 20787 | D:14     | Found a runed translucent gate.
 20789 | D:14     | Found an opulent altar of Gozag.
 20791 | D:14     | Noticed Dirian's ghost (journeyman MiBe)
 20964 | D:14     | Killed Dirian's ghost
 21092 | D:15     | Entered Level 15 of the Dungeon
 21175 | D:15     | Found Futigi's Magic Scroll Shoppe.
 21178 | D:15     | Bought a scroll of teleportation for 42 gold pieces
 21196 | D:15     | Found Gofizxia's General Store.
 21337 | D:15     | Found a staircase to the Depths.
 22203 | Orc:1    | Entered Level 1 of the Orcish Mines
 22312 | Orc:1    | Found Hygir's Specific Store.
 22314 | Orc:1    | Found Yfatad's General Store.
 22486 | Orc:1    | Bought a scroll of blinking for 120 gold pieces
 22761 | Orc:2    | Entered Level 2 of the Orcish Mines
 22761 | Orc:2    | Noticed Nessos
 22769 | Orc:2    | Killed Nessos
 22796 | Orc:2    | Found a transporter.
 22815 | Orc:2    | Found a transporter.
 22842 | Orc:1    | Noticed Erica
 22850 | Orc:1    | Killed Erica
 23100 | Orc:2    | Noticed Nergalle
 23110 | Orc:2    | Killed Nergalle
 23145 | Orc:2    | Found Sucuig's Antique Armour Emporium.
 23164 | Orc:2    | Found Paowif's General Store.
 23202 | Orc:2    | Found Ofailub's Antique Weapon Emporium.
 23253 | Orc:2    | Found a staircase to the Elven Halls.
 23281 | Orc:2    | Noticed Rupert
 23313 | Orc:2    | Killed Rupert
 23348 | Orc:2    | Found Baetitet's General Store.
 23365 | Orc:2    | Bought a potion of heal wounds for 55 gold pieces
 23365 | Orc:2    | Bought a scroll of magic mapping for 82 gold pieces
 23433 | Orc:2    | Found Tewil's Jewellery Emporium.
 23439 | Orc:2    | Bought the ring "Keas" {rF+ rCorr} for 408 gold pieces
 23516 | Orc:2    | Noticed Suckerboh's ghost (journeyman DECj)
 23804 | Orc:2    | Gained mutation: Armour fits poorly on your strangely
                  | shaped body. [a neqoxec]
 23807 | Orc:2    | Gained mutation: You have hidden genetic defects. [a
                  | neqoxec]
 23813 | Orc:2    | Killed Suckerboh's ghost
 23815 | Orc:2    | Identified the ring "Xaunaiwk" {Fly rElec Int+6 Dex+4}
 23819 | Orc:2    | Identified the +4 broad axe of Qotorro {speed, rC+ rN+
                  | Int+2}
 23884 | Orc:1    | Bought a +0 crystal plate armour for 1280 gold pieces
 23973 | Orc:2    | Bought a ring of poison resistance for 240 gold pieces
 24287 | Spider:1 | Entered Level 1 of the Spider Nest
 24301 | Spider:1 | Reached skill level 1 in Throwing
 24618 | Spider:1 | Reached skill level 15 in Armour
 24710 | Spider:1 | Learned a level 2 spell: Passwall
 24713 | Spider:1 | Learned a level 2 spell: Sublimation of Blood
 24772 | Spider:1 | Gained mutation: You occasionally shout uncontrollably at
                  | your foes. [hidden defects]
 24780 | Spider:1 | Lost mutation: Your spells are a little easier to cast, but
                  | a little less powerful. [potion of mutation]
 24780 | Spider:1 | Lost mutation: You are agile. (Dex +4, Str/Int -1) [potion
                  | of mutation]
 24780 | Spider:1 | Gained mutation: Potions are less effective at restoring
                  | your health. [potion of mutation]
 24780 | Spider:1 | Gained mutation: Your flesh is heat resistant. (rF+)
                  | [potion of mutation]
 24780 | Spider:1 | Gained mutation: Your flesh is cold resistant. (rC+)
                  | [potion of mutation]
 24781 | Spider:1 | Lost mutation: Your magical capacity is low. (-10% MP)
                  | [potion of mutation]
 24781 | Spider:1 | Lost mutation: Potions are less effective at restoring your
                  | health. [potion of mutation]
 24781 | Spider:1 | Gained mutation: You expend magic power (3 MP) to
                  | strengthen your wands. [potion of mutation]
 24781 | Spider:1 | Gained mutation: Your natural rate of healing is unusually
                  | fast. [potion of mutation]
 24782 | Spider:1 | Lost mutation: Armour fits poorly on your strangely shaped
                  | body. [potion of mutation]
 24782 | Spider:1 | Lost mutation: Your flesh is heat resistant. (rF+) [potion
                  | of mutation]
 24782 | Spider:1 | Gained mutation: You are very frail. (-20% HP) [potion of
                  | mutation]
 24782 | Spider:1 | Gained mutation: You are extremely frail. (-30% HP) [potion
                  | of mutation]
 24783 | Spider:1 | Lost mutation: You occasionally shout uncontrollably at
                  | your foes. [potion of mutation]
 24783 | Spider:1 | Lost mutation: You have hidden genetic defects. [potion of
                  | mutation]
 24783 | Spider:1 | Lost mutation: You are extremely frail. (-30% HP) [potion
                  | of mutation]
 24783 | Spider:1 | Gained mutation: You passively dampen the noise of your
                  | surroundings. [potion of mutation]
 25248 | Spider:2 | Reached XP level 17. HP: 136/136 MP: 16/16
 25374 | Spider:2 | Noticed Frances
 25388 | Spider:2 | Killed Frances
 25463 | Spider:2 | Reached skill level 5 in Throwing
 25931 | Spider:3 | Learned a level 5 spell: Borgnjor's Vile Clutch
 25964 | Spider:3 | Found a runed translucent gate.
 25964 | Spider:3 | Found a runed translucent gate.
 25964 | Spider:3 | Found a runed translucent gate.
 25965 | Spider:3 | Noticed Akransas's ghost (adept KoFE)
 26238 | Spider:3 | Killed Akransas's ghost
 26390 | Spider:4 | Entered Level 4 of the Spider Nest
 27199 | Spider:4 | Got a gossamer rune of Zot
 27572 | Shoals:1 | Entered Level 1 of the Shoals
 28604 | Shoals:2 | Reached XP level 18. HP: 145/145 MP: 17/17
 29421 | Shoals:4 | Entered Level 4 of the Shoals
 29575 | Shoals:4 | Found Gepnip's Antique Armour Shop.
 29606 | Shoals:4 | Identified the +7 dagger "Uriqyk" {freeze, Will+ Stlth+}
 29657 | Shoals:4 | Identified the amulet of Syndicalism {Acrobat rElec rPois
                  | rCorr}
 30188 | Shoals:4 | Noticed Ilsuiw
 30256 | Shoals:4 | Killed Ilsuiw
 30331 | Shoals:4 | Got a barnacled rune of Zot
 30618 | Vaults:1 | Entered Level 1 of the Vaults
 31554 | Vaults:1 | Reached skill level 10 in Throwing
 32086 | Vaults:2 | Found Huddar's Jewellery Boutique.
 32202 | Vaults:2 | Reached XP level 19. HP: 154/154 MP: 18/18
 32331 | Vaults:2 | You fall into a shaft and drop 1 floor!
 32544 | Vaults:3 | Found a staircase to the Crypt.
 32544 | Vaults:3 | Found a basalt altar of Yredelemnul.
 32545 | Vaults:3 | Found an ancient bone altar of Kikubaaqudgha.
 32848 | Vaults:3 | Identified the +1 scale mail of Baldness {+Inv rF+ Int+2}
 32856 | Abyss:2  | Cast into level 2 of the Abyss (a wizard)
 32871 | Abyss:2  | Found a corrupted altar of Lugonu.
 33189 | Abyss:2  | Paralysed by accursed screaming for 2 turns
 33195 | Abyss:2  | Paralysed by accursed screaming for 1 turns
 33201 | Abyss:2  | Paralysed by accursed screaming for 1 turns
 33249 | Vaults:3 | Escaped the Abyss
 33291 | Vaults:3 | Found Vounif's Assorted Antiques.
 33308 | Vaults:3 | Bought a potion of resistance for 410 gold pieces
 33308 | Vaults:3 | Bought a scroll of teleportation for 123 gold pieces
 33308 | Vaults:3 | Bought a potion of might for 164 gold pieces
 33308 | Vaults:3 | Bought a potion of brilliance for 164 gold pieces
 33861 | Vaults:2 | Found Virrom's Book Shoppe.
 33996 | Vaults:2 | Found Wootut's Antique Weapon Shop.
 34082 | Vaults:2 | Found Siyf Sarch's Antique Armour Shoppe.
 34787 | Vaults:4 | Found a flickering gateway to a bazaar.
 34797 | Bazaar   | Entered a bazaar
 34831 | Bazaar   | Found Rerimes's Magic Scroll Shop.
 34862 | Bazaar   | Found Cywylep's Magic Scroll Shop.
 34898 | Bazaar   | Found Eceqynoz's Distillery.
 34924 | Bazaar   | Found Iluplath's Distillery.
 34969 | Bazaar   | Bought a scroll of teleportation for 27 gold pieces
 34969 | Bazaar   | Bought a scroll of enchant weapon for 67 gold pieces
 34969 | Bazaar   | Bought a scroll of enchant armour for 67 gold pieces
 34997 | Bazaar   | Bought a scroll of summoning for 114 gold pieces
 34997 | Bazaar   | Bought a scroll of teleportation for 36 gold pieces
 34997 | Bazaar   | Bought a scroll of enchant weapon for 90 gold pieces
 35014 | Bazaar   | Bought a potion of curing for 27 gold pieces
 35014 | Bazaar   | Bought 2 potions of haste for 180 gold pieces
 35014 | Bazaar   | Bought a potion of haste for 90 gold pieces
 35014 | Bazaar   | Bought a potion of curing for 27 gold pieces
 35014 | Bazaar   | Bought a potion of might for 36 gold pieces
 35014 | Bazaar   | Bought a potion of might for 36 gold pieces
 35034 | Bazaar   | Bought a potion of heal wounds for 60 gold pieces
 35034 | Bazaar   | Bought a potion of mutation for 96 gold pieces
 35034 | Bazaar   | Bought a potion of mutation for 96 gold pieces
 35034 | Bazaar   | Bought a potion of curing for 36 gold pieces
 35034 | Bazaar   | Bought a potion of curing for 36 gold pieces
 35034 | Bazaar   | Bought a potion of might for 48 gold pieces
 35244 | Vaults:4 | Noticed Margery
 35273 | Vaults:4 | Killed Margery
 35384 | Vaults:4 | Reached XP level 20. HP: 163/163 MP: 19/19
 35416 | Vaults:4 | Paralysed by a great orb of eyes for 2 turns
 36408 | Vaults:5 | Entered Level 5 of the Vaults
 36437 | Vaults:5 | Noticed a dread lich
 36446 | Vaults:5 | Killed a dread lich
 36594 | Vaults:5 | Paralysed by a sphinx for 2 turns
 36700 | Vaults:5 | Identified the ring of the Barnacled Coconut {*Corrode
                  | Will+ SInv Stlth+}
 36796 | Vaults:5 | Identified the +13 chain mail of Wonderful Miracles {*Slow
                  | Dex+8 Slay+4}
 36935 | Vaults:5 | Noticed Jory
 36954 | Vaults:5 | Killed Jory
 37018 | Vaults:5 | Found Elia's Antique Armour Shop.
 37448 | Vaults:5 | Identified the ring "Foyjuot" {rElec rC+ rN+ Will+ Str-5}
 37456 | Vaults:5 | Identified the +1 helmet of Riveaxti {Dex+3}
 37469 | Vaults:5 | Identified the staff of fire "Odusk" {rPois rF+ rCorr}
 37470 | Vaults:5 | Identified the +1 short sword "Mupimemp" {elec, *Corrode
                  | Int+6}
 37473 | Vaults:5 | Got a silver rune of Zot
 37625 | Vaults:5 | Identified the staff of death "Omeo" {rElec rC- rN+ Str-4
                  | SInv}
 37807 | Vaults:5 | Reached XP level 21. HP: 173/173 MP: 20/20
 38144 | Elf:1    | Entered Level 1 of the Elven Halls
 38150 | Elf:1    | Found a crumbling gateway.
 38157 | Desolati | Entered the Desolation of Salt
 38367 | Desolati | Identified the +4 leather armour "Xomamino" {Rampage Str+3}
 38378 | Desolati | Got Fiax's Folio of Diablerie
 38380 | Desolati | Identified the +8 rapier of the Abyss {heavy, rElec rCorr
                  | Int+2}
 38643 | Desolati | Identified the ring "Solytunt" {rPois MP+9}
 38650 | Desolati | Identified the +4 helmet of Ygorpho {+Inv}
 38752 | Desolati | Identified the +7 shortbow "Buesodgh" {antimagic, rN+ Str+2
                  | Int-2}
 38780 | Desolati | Identified the +3 spear of Goakejaj {venom, rElec Int+4
                  | Stlth-}
 39000 | Elf:1    | Found Forrod's Book Shop.
 39001 | Elf:1    | Found Edinn's Book Shop.
 39044 | Elf:1    | Found Ficey's Armour Emporium.
 39054 | Elf:1    | Found Usuaqoor's Distillery.
 39073 | Elf:1    | Bought a +1 pair of boots of rampaging for 214 gold pieces
 39087 | Elf:1    | Found Xoemifud's Book Boutique.
 39089 | Elf:1    | Bought a potion of might for 40 gold pieces
 39089 | Elf:1    | Bought 2 potions of haste for 200 gold pieces
 39089 | Elf:1    | Bought a potion of mutation for 80 gold pieces
 39293 | Elf:1    | Found Panam's Antique Weapon Boutique.
 39837 | Elf:2    | Noticed Louise
 39850 | Elf:2    | Killed Louise
 40091 | Elf:2    | Found Cima's Antique Armour Shoppe.
 40155 | Elf:1    | Found a shimmering blue altar of Sif Muna.
 40209 | Elf:2    | Found a runed translucent gate.
 40209 | Elf:2    | Found a runed translucent gate.
 40210 | Elf:2    | Found a runed translucent gate.
 40883 | Elf:3    | Entered Level 3 of the Elven Halls
 40942 | Elf:3    | Found Zudix's Tiny Tomes.
 41030 | Abyss:2  | Cast into level 2 of the Abyss (a deep elf sorcerer)
 41197 | Abyss:2  | Found a corrupted altar of Lugonu.
 41263 | Abyss:2  | Reached XP level 22. HP: 184/184 MP: 21/21
 41281 | Abyss:2  | Found a corrupted altar of Lugonu.
 41344 | Elf:3    | Escaped the Abyss
 41559 | Elf:3    | Identified the staff of fire "Fap Kie" {rElec rF+ Str-4
                  | Dex+2}
 41578 | Elf:3    | Got the Discursus on Familiar Corruption
 41611 | Elf:3    | Identified the ring "Yseteze" {Ice Contam Will+ MP+9}
 41675 | Elf:3    | Identified the +1 plate armour of Youthful Indiscretion
                  | {*Corrode rPois Str+3 Stlth+}
 41719 | Elf:3    | Identified the +0 scale mail of Revepn {rPois Will+}
 41748 | Elf:3    | Learned a level 8 spell: Necromutation
 41750 | Elf:3    | Identified the staff of earth "Fichieje" {rC+ rN+ Str+8
                  | Stlth-}
 41924 | Elf:3    | Reached skill level 27 in Fighting
 42488 | Depths:1 | Entered Level 1 of the Depths
 42512 | Depths:1 | Found a flickering gateway to a bazaar.
 42553 | Bazaar   | Entered a bazaar
 42556 | Bazaar   | Found Niomeirph's Magic Scroll Shoppe.
 42558 | Bazaar   | Found Lunel's Assorted Antiques.
 42563 | Bazaar   | Found Xailehud's Assorted Antiques.
 42563 | Bazaar   | Found Hosmeum's General Store.
 42721 | Bazaar   | Bought a potion of heal wounds for 140 gold pieces
 42727 | Bazaar   | Bought a scroll of teleportation for 54 gold pieces
 42736 | Bazaar   | Bought a scroll of teleportation for 33 gold pieces
 42736 | Bazaar   | Bought a scroll of brand weapon for 104 gold pieces
 42736 | Bazaar   | Bought a scroll of teleportation for 33 gold pieces
 42736 | Bazaar   | Bought a scroll of magic mapping for 82 gold pieces
 42736 | Bazaar   | Bought a scroll of teleportation for 33 gold pieces
 42736 | Bazaar   | Bought a scroll of teleportation for 33 gold pieces
 42742 | Bazaar   | Bought a potion of haste for 150 gold pieces
 42742 | Bazaar   | Bought a scroll of teleportation for 45 gold pieces
 42829 | Depths:1 | Found Wuewn's General Store.
 42834 | Depths:1 | Bought 3 scrolls of teleportation for 153 gold pieces
 42834 | Depths:1 | Bought a potion of heal wounds for 85 gold pieces
 42873 | Depths:1 | Found Beemiw's Jewellery Emporium.
 42942 | Depths:1 | Found Ecirobemim's Armour Boutique.
 42988 | Depths:1 | Found a gateway to Hell.
 43117 | Depths:1 | Found Molachocw's Armour Boutique.
 43122 | Depths:1 | Bought the +2 pair of slick slippers {slick, slippery,
                  | EV+4} for 766 gold pieces
 43122 | Depths:1 | Found the +2 pair of slick slippers {slick, slippery, EV+4}
 43315 | Depths:1 | Reached skill level 15 in Throwing
 43564 | Depths:2 | Found a one-way gate leading to the halls of Pandemonium.
 43688 | Depths:2 | Found a one-way gate to the infinite horrors of the Abyss.
 43850 | Depths:2 | Noticed an ancient lich
 43850 | Depths:2 | Noticed an ancient lich
 43870 | Depths:2 | Killed an ancient lich
 43870 | Depths:2 | Killed an ancient lich
 43871 | Depths:2 | Reached skill level 10 in Dodging
 43903 | Depths:2 | Found a glowing silver altar of Zin.
 44223 | Depths:2 | Found Fonoteunor's Armour Emporium.
 44298 | Depths:2 | Found a sparkling altar of Nemelex Xobeh.
 44358 | Depths:2 | You fall into a shaft and drop 1 floor!
 44656 | Depths:3 | Reached XP level 23. HP: 192/192 MP: 22/22
 45030 | Depths:3 | Identified the staff of air "Mystrib" {*Corrode rElec rPois
                  | rC+ Str+5}
 45031 | Depths:3 | Identified the +10 long sword "Culyett" {venom, rPois rF+
                  | rC- Str+4}
 45204 | Depths:3 | Found a runed translucent gate.
 45204 | Depths:3 | Found a runed translucent gate.
 45204 | Depths:3 | Found a runed translucent gate.
 45205 | Depths:3 | Noticed Janeylunn's ghost (veteran GnWn)
 45206 | Depths:3 | Noticed Qymiext's ghost (adept MiFi)
 45427 | Depths:3 | Killed Janeylunn's ghost
 45430 | Depths:3 | Killed Qymiext's ghost
 45464 | Depths:4 | Entered Level 4 of the Depths
 45606 | Depths:4 | Found a gate to the Realm of Zot.
 45717 | Depths:4 | Found a one-way gateway to a ziggurat.
 45881 | Depths:4 | Noticed Frederick
 45899 | Depths:4 | Killed Frederick
 46018 | Depths:4 | Found Deatogai's Armour Shoppe.
 46437 | Depths:4 | Found a stormy altar of Qazlal.
 46488 | Zot:1    | Entered Level 1 of the Realm of Zot
 46784 | Zot:1    | Reached XP level 24. HP: 196/199 MP: 22/22
 48723 | Zot:3    | Identified the +1 leather armour of Negation {rN+}
 48755 | Zot:3    | Identified the +5 chain mail "Hamm" {Harm rCorr}
 49219 | Zot:3    | Noticed Flugkiller's ghost (veteran DjWr)
 49225 | Zot:3    | Found a runed translucent gate.
 49225 | Zot:3    | Found a runed translucent gate.
 49225 | Zot:3    | Found a runed translucent gate.
 49284 | Zot:3    | Killed Flugkiller's ghost
 49294 | Zot:3    | Reached skill level 27 in Armour
 49344 | Zot:3    | Identified the +1 pair of boots of Ignis's Whim {Harm
                  | +Blink rCorr Stlth-}
 49546 | Zot:3    | Identified the +9 quarterstaff "Dipesoo" {vamp, Fly Dex+5
                  | Stlth+}
 50761 | Zot:5    | Entered Level 5 of the Realm of Zot
 51150 | Zot:5    | Noticed a Killer Klown
 51170 | Zot:5    | Killed a Killer Klown
 51171 | Zot:5    | Reached XP level 25. HP: 203/205 MP: 22/22
 51306 | Zot:5    | Noticed a dread lich
 51364 | Zot:5    | Paralysed by a dread lich for 3 turns
 51371 | Zot:5    | Killed a dread lich
 51479 | Zot:5    | Noticed a dread lich
 51480 | Zot:5    | Noticed an ancient lich
 51480 | Zot:5    | Noticed an orb of fire
 51483 | Zot:5    | Paralysed by a dread lich for 4 turns
 51549 | Zot:5    | Killed an ancient lich
 51719 | Zot:5    | Noticed an orb of fire
 51732 | Zot:5    | Killed an orb of fire
 51779 | Zot:5    | Gained mutation: Your flesh is very cold resistant. (rC++)
                  | [an orb of fire]
 51781 | Zot:5    | Killed an orb of fire
 51896 | Zot:5    | Killed a dread lich
 52729 | Crypt:1  | Entered Level 1 of the Crypt
 53888 | Crypt:2  | Noticed an ancient lich
 53907 | Crypt:2  | Killed an ancient lich
 53952 | Crypt:2  | Acquired the scarf "Kiabel" {harm, rF++ MP-9 Dex+3}
 53959 | Crypt:2  | Acquired a manual of Necromancy
 54236 | Crypt:2  | Reached XP level 26. HP: 153/206 MP: 22/22
 54652 | Crypt:3  | Entered Level 3 of the Crypt
 54747 | Crypt:3  | Found a staircase to the Tomb.
 55340 | Crypt:3  | Paralysed by something for 3 turns
 55456 | Crypt:3  | Paralysed by a vampire knight for 3 turns
 56264 | Crypt:3  | Identified the +3 hand axe "Kaptaki" {flame, rC+ Will+}
 57059 | Slime:1  | Entered Level 1 of the Pits of Slime
 57124 | Slime:3  | Reached skill level 27 in Axes
 57157 | Slime:4  | Gained mutation: You are vulnerable to heat. (rF-) [a
                  | shining eye]
 57209 | Slime:4  | Gained mutation: Your body sometimes deteriorates upon
                  | taking damage. [a shining eye]
 57258 | Slime:5  | Entered Level 5 of the Pits of Slime
 57260 | Slime:5  | Paralysed by a great orb of eyes for 5 turns
 57306 | Slime:5  | Gained mutation: You are very vulnerable to heat. (rF--) [a
                  | shining eye]
 57309 | Slime:5  | Gained mutation: You are very dopey. (Int -4) [a shining
                  | eye]
 57312 | Slime:5  | Gained mutation: You occasionally shout uncontrollably at
                  | your foes. [a shining eye]
 57320 | Slime:5  | Gained mutation: Your spells are a little easier to cast,
                  | but a little less powerful. [a shining eye]
 57329 | Slime:5  | Noticed the Royal Jelly
 57329 | Slime:5  | Gained mutation: Armour fits poorly on your strangely
                  | shaped body. [a shining eye]
 57346 | Slime:5  | Killed the Royal Jelly
 57474 | Slime:5  | Gained mutation: You frequently scream uncontrollably at
                  | your foes. [a shining eye]
 57479 | Slime:5  | Gained mutation: You occasionally lose the ability to drink
                  | potions when taking damage. [a shining eye]
 57580 | Slime:5  | Identified the ring "Gesiz" {rF+ Int+6}
 57582 | Slime:5  | Identified the +9 war axe "Soxtim" {heavy, rC+ Will+ MP+9
                  | Int+3}
 57584 | Slime:5  | Identified the +4 halberd of World's End {speed, Dex+3}
 57605 | Slime:5  | Got a slimy rune of Zot
 57617 | Slime:5  | Identified the amulet of Suspected Treachery {Reflect Harm
                  | Str+3 SH+5}
 57638 | Slime:5  | Identified the ring of Xosoiti {Will+ MP+9 Int-3 SInv}
 57660 | Slime:5  | Identified the +1 ring mail of the Weaver {rPois Str+2}
 57667 | Slime:5  | Lost mutation: You passively dampen the noise of your
                  | surroundings. [potion of mutation]
 57667 | Slime:5  | Lost mutation: You expend magic power (3 MP) to strengthen
                  | your wands. [potion of mutation]
 57667 | Slime:5  | Lost mutation: Your body sometimes deteriorates upon taking
                  | damage. [potion of mutation]
 57667 | Slime:5  | Lost mutation: You are very vulnerable to heat. (rF--)
                  | [potion of mutation]
 57667 | Slime:5  | Gained mutation: You are covered in fur. (AC +1) [potion of
                  | mutation]
 57667 | Slime:5  | Gained mutation: You sometimes lose the ability to drink
                  | potions when taking damage. [potion of mutation]
 57668 | Slime:5  | Lost mutation: You are very frail. (-20% HP) [potion of
                  | mutation]
 57668 | Slime:5  | Lost mutation: Armour fits poorly on your strangely shaped
                  | body. [potion of mutation]
 57668 | Slime:5  | Gained mutation: You have hidden genetic potential. [potion
                  | of mutation]
 57668 | Slime:5  | Lost mutation: Your flesh is very cold resistant. (rC++)
                  | [potion of mutation]
 57668 | Slime:5  | Gained mutation: You are partially covered in iridescent
                  | scales. (AC +2) [potion of mutation]
 57669 | Slime:5  | Lost mutation: Your natural rate of healing is unusually
                  | fast. [potion of mutation]
 57669 | Slime:5  | Lost mutation: You are very dopey. (Int -4) [potion of
                  | mutation]
 57669 | Slime:5  | Lost mutation: You sometimes lose the ability to drink
                  | potions when taking damage. [potion of mutation]
 57669 | Slime:5  | Lost mutation: You have hidden genetic potential. [potion
                  | of mutation]
 57669 | Slime:5  | Gained mutation: You do not regenerate when monsters are
                  | visible. [potion of mutation]
 57670 | Slime:5  | Lost mutation: Your flesh is cold resistant. (rC+) [potion
                  | of mutation]
 57670 | Slime:5  | Lost mutation: You are partially covered in iridescent
                  | scales. (AC +2) [potion of mutation]
 57670 | Slime:5  | Lost mutation: You frequently scream uncontrollably at your
                  | foes. [potion of mutation]
 57670 | Slime:5  | Gained mutation: Armour fits poorly on your strangely
                  | shaped body. [potion of mutation]
 57670 | Slime:5  | Lost mutation: You are covered in fur. (AC +1) [potion of
                  | mutation]
 57670 | Slime:5  | Gained mutation: You have large cloven feet. [potion of
                  | mutation]
 57671 | Slime:5  | Lost mutation: You occasionally shout uncontrollably at
                  | your foes. [potion of mutation]
 57671 | Slime:5  | Lost mutation: You have large cloven feet. [potion of
                  | mutation]
 57671 | Slime:5  | Lost mutation: You are vulnerable to heat. (rF-) [potion of
                  | mutation]
 57672 | Slime:5  | Lost mutation: Armour fits poorly on your strangely shaped
                  | body. [potion of mutation]
 57672 | Slime:5  | Lost mutation: You do not regenerate when monsters are
                  | visible. [potion of mutation]
 57672 | Slime:5  | Lost mutation: Your spells are a little easier to cast, but
                  | a little less powerful. [potion of mutation]
 57672 | Slime:5  | Gained mutation: You are strong-willed. (Will+) [potion of
                  | mutation]
 58016 | Hell     | Entered the Vestibule of Hell
 58018 | Hell     | Noticed Geryon
 59142 | Hell     | Found a gateway to the decaying netherworld of Tartarus.
 59188 | Hell     | Mangled by a putrid mouth

Illustrated notes

Levels and vault maps discovered:
D:1:      evilmike_arrival_crescent, layout_loops_ring,
          minmay_misc_feat_nine_boxes, hangedman_decor_points,
          chequers_serial_rivers_small_3
D:2:      layout_basic, hellmonk_ecumenical_altar_crossroads
D:3:      layout_loops_cross, fedhas_altar_1
D:4:      kennysheep_goblin_castle, layout_loops_ring, ebering_ghost_sewer_f,
          chequers_decorated_corner, corexii_shack, uniq_eustachio
D:5:      layout_layer_cave, nicolae_ossuary_entry_plus,
          minmay_stone_trees_small
D:6:      layout_loops_ring, gammafunk_temple_overflow_forgotten, serial_shops,
          nicolae_shop_back_alley_shop, grunt_decor_resistance
D:7:      layout_basic, minmay_temple_entry_poolview, enter_bailey_2,
          glass_columns_b
D:8:      layout_rooms, zin_purify, ploomutoo_gammafunk_ghost_potion_laboratory,
          serial_glass, glass_columns_a, glass_columns_a, glass_columns_a,
          glass_columns_a, glass_columns_a, nrook_pool_corridor
D:9:      layout_cave_pools, nicolae_overflow_hidden_temple,
          kiku_gazebo_pond_becter, dpeg_oklobed_lair, special_room
          [special_room_orc], uniq_maurice
D:10:     layout_roguey, elyvilon_altar_1, mainiacjoe_overflow_surrounded_room,
          uniq_amaemon, uniq_harold, uniq_grum
D:11:     gammafunk_corrupted_shrine, layout_long_grid, david_orc_5,
          serial_shops, nicolae_shop_drivethru, nicolae_ashenzari_panopticon,
          uniq_lodul
D:12:     fort_yaktaur, layout_basic
D:13:     layout_basic, grunt_vaults_entry_fortified, hellmonk_ghost_big_iron,
          kennysheep_generic_room_9, uniq_urug, uniq_jorgrun
D:14:     layout_irregular_city, grunt_dithmenos_smoke_and_mirrors,
          ebering_ghost_gozag, serial_ice, serial_ice_g, serial_ice_o,
          serial_ice_j, serial_ice_e, serial_ice_b, serial_ice_a, serial_ice_n,
          serial_ice_c
D:15:     grunt_enter_depths_giant_problem, layout_loops_ring, serial_shops,
          nicolae_shop_real_fake_doors, nicolae_shop_pleasant_corner_grove,
          serial_bayou_shore_b, chequers_serial_rivers_micro_b
Temple:   nicolae_temple_figure_eight
Lair:1:   layout_cave_pods, grunt_megastairs_2, serial_bayou_shore_b
Lair:2:   layout_loops_ring, minmay_shoals_entry_centaurs, beast_lair_carwin_2,
          serial_bayou_shore_a
Lair:3:   cheibrodos_magma_flow, layout_gridlike, spider_nest_entry_webs,
          serial_bayou_pond_c, grunt_forest_large_clearings
Lair:4:   layout_small_grid, chequers_serial_rivers_room_b
Lair:5:   gammafunk_lair_ancient_temple, layout_cave_pods,
          minmay_slime_entry_oklob_enclosed, basic_altar, grunt_megastairs_1
Shoals:1: layout_shoals
Shoals:2: layout_shoals
Shoals:3: layout_shoals
Shoals:4: shoals_end_simple, layout_shoals, shoal_ilsuiw, serial_shops, shop
Spider:1: nicolae_spider_hall_of_the_moth_king
Spider:2: layout_spider_delve, uniq_frances
Spider:3: layout_spider_delve, gammafunk_ghost_necromancy
Spider:4: guppyfry_spider_rune
Slime:1:  layout_caves
Slime:2:  layout_caves
Slime:3:  layout_caves
Slime:4:  layout_caves
Slime:5
Orc:1:    layout_diamond_mine, nicolae_specific_store, library_closet,
          uniq_erica
Orc:2:    grunt_orc_cross, layout_caves, gammafunk_ghost_stat_death,
          serial_shops, shop, uniq_nessos, uniq_rupert
Elf:1:    layout_gridlike, portal_desolation_entry_nicolae_slug, serial_shops,
          shop, shop, shop, shop, evilmike_minifort, lemuel_upstairs_altar,
          minmay_shoptagon
Elf:2:    nicolae_elf_blades_splatter_lattice [grunt_blade_entry_basic],
          layout_onion_city, serial_shops, shop, palyth_stone_intersect,
          minmay_misc_feat_pillars, uniq_louise
Elf:3:    minmay_elf_hall_hex, layout_geoelf_grid,
          nicolae_shop_i_like_small_books_too
Vaults:1: nicolae_vaults_mitosis, ontoclasm_vaults_ring_square,
          nicolae_vaults_tetromino_L_1, ontoclasm_vaults_ring_large,
          ontoclasm_vaults_spin, v_pattern_4, v_misc_28,
          nicolae_vaults_tetromino_T_2, layout_vaults_quadrants
Vaults:2: v_rooms_3, vaults_mumra_hexcomb, grunt_vaults_twisty,
          nicolae_vaults_security_offices_3, vaults_room_semicircle, v_misc_29,
          v_pattern_2, vaults_mumra_hex, nicolae_vaults_little_squares_6,
          vaults_dpeg_emergency_exit, layout_vaults_omnibox, serial_shops,
          nicolae_shop_trees, nicolae_shop_peninsula, shop,
          nicolae_shop_rolling_square
Vaults:3: hangedman_vaults_stitches, nicolae_vaults_spaceships,
          minmay_crypt_entry_necro_gods, nicolae_vaults_disjoint_gnomons,
          ontoclasm_vaults_idyll, nicolae_vaults_sealed_display,
          hangedman_vaults_impose, vaults_dpeg_hooks, nicolae_vaults_cochlea,
          hangedman_vaults_nails, layout_vaults_omnicross, serial_shops,
          nicolae_shop_just_a_little_nook
Vaults:4: ontoclasm_vaults_ring_large, nicolae_vaults_offset_grid_hallway_4,
          grunt_vaults_diagonal, ontoclasm_vaults_pinch, vaults_room_fours,
          nicolae_vaults_closet_pinwheel_4, nicolae_vaults_heart-shaped_vault,
          nicolae_vaults_more_shelving_1, vaults_dpeg_ring,
          nicolae_vaults_surprise_closet, hangedman_vaults_trim,
          layout_vaults_chaotic_city, serial_shops, bzr_entry_customers,
          uniq_margery
Vaults:5: uniq_jory
Crypt:1:  layout_rooms, grunt_crypt_arrival_split, grunt_megastairs_5
Crypt:2:  layout_misc_corridors, beargit_elvish_explorers
Crypt:3:  due_elkab, layout_chaotic_city, tomb_entry_simple_bobbens,
          grunt_ministairs_3
Depths:1: layout_cave_pools, amcnicky_mini_rare_corridor_liquid, serial_shops,
          bzr_entry_gold, kennysheep_mini, nicolae_shop_just_a_little_nook,
          nicolae_shop_tiny_glass, nicolae_shop_tiny_real_fake_doors,
          hell_entry, minmay_door_square, kennysheep_generic_room_16,
          serial_bayou_shore_b, serial_bayou_shore_b
Depths:2: dreamdust_under_siege, layout_gridlike, abyss_entry, serial_shops,
          nicolae_shop_hallway_plus, rand_demon_pan_entry_3,
          nemelex_altar_shiori, hell_entry, infiniplex_staircase_zigzag_1
Depths:3: minmay_concentric_multi, layout_small_grid, minmay_holes, abyss_entry,
          gammafunk_ghost_cemetery, pan_entry, hell_entry, columned_hall_lemuel,
          st_stairs_4
Depths:4: grunt_x_marks_the_spot, layout_gridlike, enter_ziggurat_e,
          nicolae_qazlal_eye_of_the_storm, serial_shops, nicolae_shop_peninsula,
          grunt_mini_vestibule, uniq_frederick
Hell
Zot:1:    layout_onion, uniq_grunn
Zot:2:    layout_gridlike, grunt_ministairs_1, grunt_megastairs_3,
          lemuel_elevator
Zot:3:    layout_cathedral_of_symmetry, gammafunk_ghost_split,
          st_single_dragon_hoard_1, st_small_dragon_hoard_2, lemuel_golem_globe
Zot:4:    layout_onion_interference
Zot:5:    layout_basic

Skill      XL: |  1  2  3  4  5  6  7  8  9 10 11 12 13 14 15 16 17 18 19 20 21 22 23 24 25 26 |
---------------+-------------------------------------------------------------------------------+-----
Fighting       | 4 5 6 7 9 10 13 14 16 17 18 20 21 22 23 25 26 27 | 27.0
Axes           | 4 5 6 7 9 10 13 14 16 17 18 19 21 23 25 27 | 27.0
Armour         | 2 4 5 6 10 12 13 15 17 18 20 22 24 25 26 27 | 27.0
Evocations     | 2 4 6 0 |  0.0
Shields        | 7 9 12 13 14 15 17 18 20 21 22 | 22.7
Dodging        | 5 6 7 10 12 14 | 14.0
Throwing       | 4 8 10 12 14 15 17 19 21 23 | 23.6

Action                     |  1- 3 |  4- 6 |  7- 9 | 10-12 | 13-15 | 16-18 | 19-21 | 22-24 | 25-27 || total
---------------------------+-------+-------+-------+-------+-------+-------+-------+-------+-------++-------
  Melee: Hand axe          |    72 |   148 |   145 |       |       |       |       |       |       ||   365
         Headbutt          |    14 |    45 |    71 |   230 |   163 |   548 |   487 |   665 |   543 ||  2766
         War axe           |       |       |    71 |       |       |       |       |       |       ||    71
         Broad axe         |       |       |    25 |   892 |   575 |  1902 |  1632 |  1877 |  1563 ||  8466
         Dagger            |       |       |       |    17 |       |     8 |       |       |       ||    25
 Invoke: Sacrifice Experie |       |       |       |     1 |       |       |       |       |       ||     1
         Sacrifice Health  |       |       |       |     1 |       |       |       |       |       ||     1
         Sacrifice Artific |       |       |       |     1 |       |       |       |       |       ||     1
         Sacrifice Stealth |       |       |       |       |     1 |       |       |       |       ||     1
         Sacrifice Purity  |       |       |       |       |     1 |       |       |       |       ||     1
         Apocalypse        |       |       |       |       |       |       |     1 |     3 |     6 ||    10
  Evoke: Wand              |       |       |    20 |       |       |       |       |       |       ||    20
    Use: Potion            |       |     4 |     7 |     6 |     4 |     6 |     1 |     2 |    16 ||    46
         Scroll            |       |     3 |     3 |    12 |     1 |    11 |     7 |     3 |    12 ||    52
   Stab: Paralysed         |       |       |    29 |     2 |       |    10 |    13 |    10 |    25 ||    89
         Distracted        |       |       |       |     1 |     4 |    10 |    13 |    11 |    14 ||    53
         Invisible         |       |       |       |     1 |     2 |    18 |    14 |    25 |     7 ||    67
 Armour: Robe              |    25 |    27 |       |       |       |       |       |       |       ||    52
         Chain mail        |       |    22 |    79 |       |       |       |       |       |       ||   101
         Plate armour      |       |       |     8 |   590 |    21 |       |       |       |       ||   619
         Scale mail        |       |       |       |       |    69 |    87 |       |       |       ||   156
         Crystal plate arm |       |       |       |       |       |   811 |   706 |   787 |   616 ||  2920
  Dodge: Dodged            |    51 |   103 |   151 |   439 |   110 |   266 |   289 |   542 |   507 ||  2458
  Block: Orb               |       |       |       |   150 |       |       |       |       |       ||   150
         Reflection        |       |       |       |     9 |    26 |    69 |       |       |       ||   104
         Tower shield      |       |       |       |   285 |   496 |  1968 |  1158 |  1335 |  1272 ||  6514
